 Dungeon Crawl Stone Soup version 0.31.0-11-ge490571c62 (webtiles) character file.

Game seed: 6138836706440176879

85 qw the Shooter (level 4, -1/25 HPs)
             Began as a Deep Elf Hunter on Feb 3, 2024.
             Slain by a ribbon worm (2 damage)
             ... on level 4 of the Dungeon.
             The game lasted 00:00:42 (2096 turns).

qw the Shooter (Deep Elf Hunter)                    Turns: 2096, Time: 00:00:43

Health: -1/25      AC:  7    Str: 10    XL:     4   Next: 25%
Magic:  6/6        EV: 11    Int: 14    God:
Gold:   153        SH:  0    Dex: 18    Spells: 3/3 levels left

rFire   . . .        a - +0 shortbow
rCold   . . .        (shield currently unavailable)
rNeg    . . .        i - +2 ring mail
rPois   .            (no helmet)
rElec   .            (no cloak)
rCorr   .            (no gloves)
SInv    .            (no boots)
Will    .....        (no amulet)
Stlth   +            (no ring)
HPRegen 0.24/turn    (no ring)
MPRegen 0.10/turn

%: no passive effects
@: no status effects
A: no striking features
a: no special abilities


You were on level 4 of the Dungeon.
You visited 1 branch of the dungeon, and saw 4 of its levels.

You collected 153 gold pieces.


   Skills:
 - Level 1.5 Fighting
 + Level 7.7 Ranged Weapons
 - Level 2.4 Dodging
 - Level 1.2 Stealth


You had 3 spell levels left.
You didn't know any spells.
Your spell library was empty.

Inventory:

Hand Weapons
 a - a +0 shortbow (weapon)
Armour
 i - a +2 ring mail (worn)
Jewellery
 e - a ring of ice
Wands
 b - a wand of acid (2)
 d - a wand of polymorph (10)
Potions
 k - a potion of resistance
 m - a potion of curing

Dungeon Overview and Level Annotations

Branches:
Dungeon (4/15)
 Temple: D:4-7

Altars:
Ashenzari

Annotations:
D:3 2 transporters, qw's ghost, weakling SpHu


Message History

The hobgoblin hits you but does no damage.
The gnoll barely misses you.
You climb upwards.
Level annotation: 2 transporters, qw's ghost, weakling SpHu
There is a stone staircase leading down here.
You shoot an arrow. The arrow hits the hobgoblin.
The hobgoblin is almost dead.
The hobgoblin completely misses you.
You shoot an arrow. The arrow hits the hobgoblin.
You kill the hobgoblin!
You climb downwards.
The ball python barely misses you. The ball python grabs you.
The ball python constricts you. The orc barely misses you.
The ball python closely misses you. The ball python constricts you.
There is a stone staircase leading up here.
2092 ||| RETREEEEATING.
You escape the ball python's grasp.
The gnoll hits you from afar with a +0 spear.
The gnoll hits you with a +0 flail. The gnoll closely misses you.
The ball python bites you but does no damage.
The ball python barely misses you.
2093 ||| RETREEEEATING.
The gnoll misses you. The gnoll attacks as it pursues you!
The gnoll barely misses you. The gnoll closely misses you.
The ribbon worm bites you.
2094 ||| RETREEEEATING.
The gnoll misses you. The gnoll hits you with a +0 spear.
The gnoll completely misses you.
The ribbon worm expels a string of sticky webbing.
The stream of webbing hits you but does no damage.
You are caught in a web!
There is a web here.
You struggle to detach yourself from the web.
The gnoll hits you from afar with a +0 spear.
The gnoll barely misses you. The gnoll hits you but does no damage.
The ribbon worm bites you.
The web tears apart.
The gnoll hits you but does no damage. The gnoll barely misses you. x2
The gnoll hits you with a +0 flail. The orc hits you with a +0 war axe.
The ribbon worm bites you.
You die...

#.... .
.######.... .
...........# .###
...........##....
...............
.............
.........og###
........Sg@g.#
.........w..##
######<..g..#
#####.## .# .# .#
..


You could see a ribbon worm, 4 gnolls, an orc and a ball python.

Vanquished Creatures
  2 adders (D:3)
  2 dart slugs (D:2)
  5 orcs (D:3)
  5 ball pythons
  6 endoplasms
  2 giant cockroaches (D:2)
  9 goblins
  9 hobgoblins
  A quokka (D:1)
  3 bats
  4 frilled lizards
  2 kobolds (D:1)
  3 rats
53 creatures vanquished.

Notes
Turn   | Place    | Note
-------+----------+-------------------------------------------
     0 | D:1      | qw the Deep Elf Hunter began the quest for the Orb.
     0 | D:1      | Reached XP level 1. HP: 12/12 MP: 3/3
     0 | D:1      | 0 ||| qw: Version: 0.3-a-155-g5e7d8dd
     0 | D:1      | 0 ||| qw: Game counter: 3497
     0 | D:1      | 0 ||| qw: Melee chars always use a shield: true
     0 | D:1      | 0 ||| qw: God list: Okawaru
     0 | D:1      | 0 ||| qw: Allow faded altars: false
     0 | D:1      | 0 ||| qw: Do Orc after clearing Dungeon:15 true
     0 | D:1      | 0 ||| qw: Do second Lair branch before Depths: true
     0 | D:1      | 0 ||| qw: Lair rune preference: random
     0 | D:1      | 0 ||| qw: Goals: Normal
     0 | D:1      | 0 ||| PLANNING D:1-11
   228 | D:1      | Found a faded altar of an unknown god.
   266 | D:1      | Reached XP level 2. HP: 16/16 MP: 4/4
   273 | D:1      | Reached skill level 6 in Ranged Weapons
   633 | D:1      | 633 ||| UPGRADING to +0 scale mail.
   643 | D:1      | 643 ||| DROPPING +0 leather armour.
   644 | D:1      | 644 ||| UPGRADING to +0 ring mail.
   654 | D:1      | 654 ||| DROPPING +0 scale mail.
   655 | D:1      | 655 ||| READING 2 scrolls labelled CUSTRU UBBI.
   656 | D:1      | 656 ||| READING scroll labelled NIMEDA ENAAT.
   657 | D:1      | 657 ||| READING scroll labelled ROTIOD GON.
   658 | D:1      | 658 ||| READING 2 scrolls labelled ESCHASMUDAT.
   658 | D:1      | 658 ||| IDENTIFYING bubbling cyan potion
   659 | D:1      | 659 ||| READING scroll of identify.
   659 | D:1      | 659 ||| IDENTIFYING golden potion
   660 | D:1      | 660 ||| READING scroll labelled HIOCLURIRGH.
   661 | D:1      | 661 ||| DROPPING scroll of butterflies.
   662 | D:1      | 662 ||| DROPPING scroll of revelation.
   663 | D:1      | 663 ||| DROPPING potion of lignification.
   815 | D:2      | Found a broken altar of Ashenzari.
   969 | D:2      | Reached XP level 3. HP: 20/20 MP: 5/5
  1142 | D:2      | 1142 ||| READING scroll of identify.
  1142 | D:2      | 1142 ||| IDENTIFYING inky potion
  1143 | D:2      | 1143 ||| READING scroll labelled OQONTA GUAC.
  1244 | D:2      | 1244 ||| READING scroll labelled DYQUFY QOAPN.
  1245 | D:2      | 1245 ||| READING scroll labelled NUXUINW ALOGU.
  1263 | D:3      | Found a transporter.
  1265 | D:3      | Noticed qw's ghost (weakling SpHu)
  1278 | D:3      | Found a transporter.
  1307 | D:3      | Reached skill level 7 in Ranged Weapons
  1624 | D:3      | Reached XP level 4. HP: 25/25 MP: 6/6
  1749 | D:3      | HP: 6/25 [orc/+0 whip (5)]
  2051 | D:3      | 2051 ||| READING 2 scrolls of identify.
  2051 | D:3      | 2051 ||| IDENTIFYING scroll labelled TEAD EHOCORE
  2052 | D:3      | 2052 ||| READING scroll of identify.
  2052 | D:3      | 2052 ||| IDENTIFYING 2 scrolls labelled VUOSUNO FAONAOTOO
  2053 | D:3      | 2053 ||| READING 2 scrolls of enchant armour.
  2053 | D:3      | 2053 ||| ENCHANTING +0 ring mail.
  2054 | D:3      | 2054 ||| READING scroll of enchant armour.
  2054 | D:3      | 2054 ||| ENCHANTING +1 ring mail.
  2055 | D:3      | 2055 ||| DROPPING scroll of blinking.
  2086 | D:4      | 2086 ||| STAIRDANCE
  2092 | D:4      | 2092 ||| RETREEEEATING.
  2093 | D:4      | 2093 ||| RETREEEEATING.
  2094 | D:4      | 2094 ||| RETREEEEATING.
  2095 | D:4      | HP: 6/25 [gnoll/+0 spear (5)]
  2096 | D:4      | HP: 1/25 [orc/+0 war axe (3)]
  2096 | D:4      | Slain by a ribbon worm

Levels and vault maps discovered:
D:1:      dpeg_arrival_three_same_balls, layout_basic,
          hellmonk_ecumenical_altar_slurped_away, item_on_display_a
D:2:      minmay_recursive_quarters, layout_rooms, basic_altar
D:3:      layout_loops_ring, gammafunk_ghost_stat_death, minmay_pentangle
D:4:      layout_basic, mainiacjoe_overflow_paths, lemuel_crystal_altar,
          temple_doors_e, hangedman_abyss_or_decor_slice, uniq_blork_the_orc

Skill      XL: |  1  2  3 |
---------------+----------+-----
Ranged Weapons | 6 7 |  7.7
Fighting       | |  1.5
Dodging        | |  2.4
Stealth        | |  1.2

Action                     |  1- 3 |  4- 6 || total
---------------------------+-------+-------++-------
   Fire: Shortbow          |   108 |    40 ||   148
    Use: Scroll            |    10 |     4 ||    14
 Armour: Leather armour    |     1 |       ||     1
         Ring mail         |     7 |    31 ||    38
  Dodge: Dodged            |    18 |    29 ||    47

Table legend:
 A = Non-vault XP
 B = Vault XP
 C = Vault XP percentage of total XP
 D = Non-vault monster count
 E = Vault monster count
 F = Vault count percentage of total count
                 A         B        C        D         E       F
            +---------+---------+-------+---------+---------+-------
      Total |     101 |      21 |  17.2 |      43 |      10 |  18.9
            +---------+---------+-------+---------+---------+-------
        D:1 |      32 |       2 |   5.9 |      20 |       1 |   4.8
        D:2 |       9 |      13 |  59.1 |       5 |       5 |  50.0
        D:3 |      60 |       6 |   9.1 |      18 |       4 |  18.2
            +---------+---------+-------+---------+---------+-------
